SNL (28 & UNDER)
WEST PALM REDS @ NEW HAMPSHIRE FISHER CATS
08/30/2023
 
TOP OF THE 1ST
West Palm Reds batting - Pitching for New Hampshire Fisher Cats : LHP Kent Robinson
Pitching: LHP Kent Robinson
Batting: LHB Jeff McKinney 0-0: SOLO HOME RUN (Flyball, 89XD), Distance : 402 ft
Batting: LHB Jeff Doss 0-0: Reached on error, E4 (Groundball, 4)
Batting: SHB Todd Smith 0-0: Ball
1-0: Foul Ball, location: 2F
1-1: SINGLE (Line Drive, 4MD)
Jeff Doss to second
Batting: SHB Francis Shaffer 0-0: Swinging Strike
0-1: Foul Ball, location: 2F
0-2: Strikes out looking
Batting: LHB Enrique Cortéz 0-0: Ball
1-0: Ball
2-0: Ball
3-0: Called Strike
3-1: Foul Ball, location: 2F
3-2: Base on Balls
Jeff Doss to third
Todd Smith to second
Batting: LHB Millard Dye 0-0: Foul Ball, location: 2F
0-1: Ball
1-1: Called Strike
1-2: Foul Ball, location: 2F
1-2: Foul Ball, location: 2F
1-2: Ball
2-2: SINGLE (Line Drive, 4D)
Jeff Doss scores
Todd Smith to third
Enrique Cortéz to second
Batting: RHB Félix García 0-0: Ball
1-0: Called Strike
1-1: DOUBLE (Line Drive, 5D)
Todd Smith scores
Enrique Cortéz scores
Millard Dye to third
Batting: LHB Bill Smith 0-0: Called Strike
0-1: Foul Ball, location: 2F
0-2: Strikes out looking
Batting: RHB Alejandro Martínez 0-0: Ball
1-0: Fly out, F8 (Flyball, 8RS)
Top of the 1st over - 4 run(s), 4 hit(s), 1 error(s), 2 left on base; West Palm 4 - New Hampshire 0
BOTTOM OF THE 1ST
New Hampshire Fisher Cats batting - Pitching for West Palm Reds : LHP Octávio Ramírez
Pitching: LHP Octávio Ramírez
Batting: RHB Lu-fang Huie 0-0: Swinging Strike
0-1: Called Strike
0-2: Ball
1-2: Ball
2-2: Foul Ball, location: 2F
2-2: Strikes out looking
Batting: RHB Anthony Hezell 0-0: Fly out, F4 (Popup, 34D)
Batting: RHB Roberto Peña 0-0: Ball
1-0: Ball
2-0: Ball
3-0: Called Strike
3-1: Base on Balls
Batting: LHB Sam Barnes 0-0: Called Strike
0-1: Called Strike
0-2: Ball
1-2: Strikes out swinging
Bottom of the 1st over - 0 run(s), 0 hit(s), 0 error(s), 1 left on base; West Palm 4 - New Hampshire 0
TOP OF THE 2ND
West Palm Reds batting - Pitching for New Hampshire Fisher Cats : LHP Kent Robinson
Batting: LHB Jeff McKinney 0-0: Ball
1-0: Foul Ball, location: 2F
1-1: Ball
2-1: Ball
3-1: Ground out 1-3 (Groundball, 15)
Batting: LHB Jeff Doss 0-0: DOUBLE (Line Drive, 3L) - OUT at third base trying to stretch hit.
Batting: SHB Todd Smith 0-0: Called Strike
0-1: Ball
1-1: Ball
2-1: Foul Ball, location: 2F
2-2: Ball
3-2: Ground out 6-3 (Groundball, 6D)
Top of the 2nd over - 0 run(s), 1 hit(s), 0 error(s), 0 left on base; West Palm 4 - New Hampshire 0
BOTTOM OF THE 2ND
New Hampshire Fisher Cats batting - Pitching for West Palm Reds : LHP Octávio Ramírez
Batting: RHB Phil Matthews 0-0: Swinging Strike
0-1: Ball
1-1: SINGLE (Groundball, 56D)
Batting: RHB Matt Silver 0-0: Ball
1-0: Ball
Passed Ball!
Phil Matthews to second
2-0: Ball
3-0: Called Strike
3-1: Base on Balls
Batting: RHB Billy Campbell 0-0: 3-RUN HOME RUN (Flyball, 78XD), Distance : 424 ft
Batting: RHB Tony Reyes 0-0: SINGLE (Groundball, 6MD)
Batting: RHB Sadao Kimura 0-0: Swinging Strike
0-1: Foul Ball, location: 2F
0-2: Ball
1-2: Ball
2-2: Foul Ball, location: 2F
2-2: Ball
3-2: Foul Ball, location: 2F
3-2: Foul Ball, location: 2F
3-2: Fly out, F9 (Flyball, 89M)
Batting: RHB Lu-fang Huie 0-0: Ball
1-0: Ground out 5-3 (Groundball, 56S)
Tony Reyes to second
Batting: RHB Anthony Hezell 0-0: Called Strike
0-1: Ball
1-1: Ball
2-1: Ball
3-1: Called Strike
3-2: Foul Ball, location: 2F
3-2: Ground out 2-3 (Groundball, 2R)
Bottom of the 2nd over - 3 run(s), 3 hit(s), 0 error(s), 1 left on base; West Palm 4 - New Hampshire 3
TOP OF THE 3RD
West Palm Reds batting - Pitching for New Hampshire Fisher Cats : LHP Kent Robinson
Batting: SHB Francis Shaffer 0-0: Ball
1-0: Foul Ball, location: 2F
1-1: Ball
2-1: Foul Ball, location: 2F
2-2: Ball
3-2: Ground out 5-3 (Groundball, 5L)
Batting: LHB Enrique Cortéz 0-0: SINGLE (Line Drive, 8LS)
Batting: LHB Millard Dye 0-0: Ball
1-0: Called Strike
1-1: Called Strike
1-2: Ball
2-2: Foul Ball, location: 2F
2-2: Strikes out swinging
Batting: RHB Félix García 0-0: Reached on error, E6 (Groundball, 6)
Enrique Cortéz to third
Batting: LHB Bill Smith 0-0: Ball
1-0: Foul Ball, location: 2F
1-1: Foul Ball, location: 2F
1-2: Ball
2-2: Strikes out swinging
Top of the 3rd over - 0 run(s), 1 hit(s), 1 error(s), 2 left on base; West Palm 4 - New Hampshire 3
BOTTOM OF THE 3RD
New Hampshire Fisher Cats batting - Pitching for West Palm Reds : LHP Octávio Ramírez
Batting: RHB Roberto Peña 0-0: Called Strike
0-1: SINGLE (Line Drive, 7S)
Batting: LHB Sam Barnes 0-0: Ball
1-0: Swinging Strike
1-1: DOUBLE (Line Drive, 9LS)
Roberto Peña to third
Batting: RHB Phil Matthews 0-0: Foul Ball, location: 2F
0-1: DOUBLE (Flyball, 8LM)
Roberto Peña scores
Sam Barnes scores
Batting: RHB Matt Silver 0-0: DOUBLE (Line Drive, 6D)
Phil Matthews scores
Batting: RHB Billy Campbell 0-0: Ball
1-0: Foul Ball, location: 2F
1-1: Called Strike
1-2: Strikes out swinging
Batting: RHB Tony Reyes 0-0: Ball
1-0: Fly out, F8 (Flyball, 8LD)
Runner from 2nd tags up, OUT at 3rd
Bottom of the 3rd over - 3 run(s), 4 hit(s), 0 error(s), 0 left on base; West Palm 4 - New Hampshire 6
TOP OF THE 4TH
West Palm Reds batting - Pitching for New Hampshire Fisher Cats : LHP Kent Robinson
Batting: RHB Alejandro Martínez 0-0: Swinging Strike
0-1: Ball
1-1: Foul Ball, location: 2F
1-2: Ball
2-2: Strikes out swinging
Batting: LHB Jeff McKinney 0-0: Ball
1-0: Swinging Strike
1-1: Ball
2-1: Ball
3-1: Swinging Strike
3-2: Strikes out looking
Batting: LHB Jeff Doss 0-0: Called Strike
0-1: Ball
1-1: Ball
2-1: Ball
3-1: Fly out, F8 (Flyball, 8RXD)
Top of the 4th over - 0 run(s), 0 hit(s), 0 error(s), 0 left on base; West Palm 4 - New Hampshire 6
BOTTOM OF THE 4TH
New Hampshire Fisher Cats batting - Pitching for West Palm Reds : LHP Octávio Ramírez
Batting: RHB Sadao Kimura 0-0: Ball
1-0: Ball
2-0: Called Strike
2-1: Ball
3-1: Fly out, F9 (Flyball, 9M)
Batting: RHB Lu-fang Huie 0-0: Called Strike
0-1: Called Strike
0-2: Foul Ball, location: 2F
0-2: Foul Ball, location: 2F
0-2: Fly out, F8 (Line Drive, 8LM)
Batting: RHB Anthony Hezell 0-0: Foul Ball, location: 2F
0-1: Ground out 4-3 (Groundball, 4)
Bottom of the 4th over - 0 run(s), 0 hit(s), 0 error(s), 0 left on base; West Palm 4 - New Hampshire 6
TOP OF THE 5TH
West Palm Reds batting - Pitching for New Hampshire Fisher Cats : LHP Kent Robinson
Batting: SHB Todd Smith 0-0: Ball
1-0: Ball
2-0: Called Strike
2-1: Fly out, F8 (Flyball, 8RXD)
Batting: SHB Francis Shaffer 0-0: Called Strike
0-1: Ground out 6-3 (Groundball, 6)
Batting: LHB Enrique Cortéz 0-0: Called Strike
0-1: Ball
1-1: Ball
2-1: Foul Ball, location: 2F
2-2: Foul Ball, location: 2F
2-2: Strikes out looking
Top of the 5th over - 0 run(s), 0 hit(s), 0 error(s), 0 left on base; West Palm 4 - New Hampshire 6
BOTTOM OF THE 5TH
New Hampshire Fisher Cats batting - Pitching for West Palm Reds : LHP Octávio Ramírez
Batting: RHB Roberto Peña 0-0: Called Strike
0-1: SINGLE (Line Drive, 78S)
Batting: LHB Sam Barnes 0-0: Called Strike
0-1: Ball
1-1: Swinging Strike
1-2: Ball
2-2: SINGLE (Groundball, 3D)
Roberto Peña to second
Runner from 2nd tries for 3rd, SAFE, no throw or cutoff
Batting: RHB Phil Matthews 0-0: Called Strike
0-1: DOUBLE (Line Drive, 5D)
Roberto Peña scores
Sam Barnes to third
Batting: RHB Matt Silver 0-0: Ball
1-0: Ball
2-0: Ball
3-0: Base on Balls
Batting: RHB Billy Campbell 0-0: SINGLE (Groundball, 6M)
Sam Barnes scores
Phil Matthews to third
Matt Silver to second
Pitching: LHP Francisco Nieto
Batting: RHB Tony Reyes 0-0: Ball
1-0: Swinging Strike
1-1: Swinging Strike
1-2: Strikes out looking
Batting: RHB Sadao Kimura 0-0: Ball
1-0: Swinging Strike
1-1: Foul Ball, location: 2F
1-2: Strikes out swinging
Batting: RHB Lu-fang Huie 0-0: Ball
1-0: Ball
2-0: Swinging Strike
2-1: Swinging Strike
2-2: Ball
3-2: Foul Ball, location: 2F
3-2: Strikes out looking
Bottom of the 5th over - 2 run(s), 4 hit(s), 0 error(s), 3 left on base; West Palm 4 - New Hampshire 8
TOP OF THE 6TH
West Palm Reds batting - Pitching for New Hampshire Fisher Cats : LHP Kent Robinson
Batting: LHB Millard Dye 0-0: Ball
1-0: Ground out 2-3 (Groundball, 2L)
Batting: RHB Félix García 0-0: Ball
1-0: Called Strike
1-1: Ball
2-1: Foul Ball, location: 2F
2-2: Ball
3-2: Strikes out looking
Batting: LHB Bill Smith 0-0: Called Strike
0-1: Ground out 4-3 (Groundball, 4)
Top of the 6th over - 0 run(s), 0 hit(s), 0 error(s), 0 left on base; West Palm 4 - New Hampshire 8
BOTTOM OF THE 6TH
New Hampshire Fisher Cats batting - Pitching for West Palm Reds : LHP Francisco Nieto
Batting: RHB Anthony Hezell 0-0: Ball
1-0: Swinging Strike
1-1: Foul Ball, location: 2F
1-2: Ball
2-2: Ground out 4-3 (Groundball, 4)
Batting: RHB Roberto Peña 0-0: Ball
1-0: Called Strike
1-1: Ball
2-1: Ball
3-1: Base on Balls
Batting: LHB Sam Barnes 0-0: Called Strike
0-1: Ball
1-1: Ball
2-1: Ball
3-1: Called Strike
3-2: Base on Balls
Roberto Peña to second
Batting: RHB Phil Matthews 0-0: Foul Ball, location: 2F
0-1: Fly out, F6 (Popup, 56)
Pitching: RHP Dave Woods
Batting: RHB Matt Silver 0-0: Ball
1-0: Ball
2-0: Foul Ball, location: 2F
2-1: Ball
3-1: Base on Balls
Roberto Peña to third
Sam Barnes to second
Batting: RHB Billy Campbell 0-0: Called Strike
0-1: Ball
1-1: Swinging Strike
1-2: Fly out, F5 (Line Drive, 56S)
Bottom of the 6th over - 0 run(s), 0 hit(s), 0 error(s), 3 left on base; West Palm 4 - New Hampshire 8
TOP OF THE 7TH
West Palm Reds batting - Pitching for New Hampshire Fisher Cats : LHP Kent Robinson
Pitching: RHP Grady Connolly
Batting: RHB Alejandro Martínez 0-0: Called Strike
0-1: Ball
1-1: Called Strike
1-2: Ball
2-2: Strikes out swinging
Batting: LHB Jeff McKinney 0-0: Ball
1-0: Ball
2-0: Foul Ball, location: 2F
2-1: Ground out 4-3 (Groundball, 4M)
Batting: LHB Jeff Doss 0-0: Ball
1-0: Foul Ball, location: 2F
1-1: Ball
2-1: Ball
Reached via error on a dropped throw, E1
Batting: SHB Todd Smith 0-0: Ball
1-0: Swinging Strike
1-1: Foul Ball, location: 2F
1-2: Foul Ball, location: 2F
1-2: SINGLE (Line Drive, 9S)
Jeff Doss to second
Batting: SHB Francis Shaffer 0-0: Ball
1-0: Foul Ball, location: 2F
1-1: Foul Ball, location: 2F
1-2: Fly out, F6 (Popup, 6S)
Top of the 7th over - 0 run(s), 1 hit(s), 1 error(s), 2 left on base; West Palm 4 - New Hampshire 8
BOTTOM OF THE 7TH
New Hampshire Fisher Cats batting - Pitching for West Palm Reds : RHP Dave Woods
Batting: RHB Tony Reyes 0-0: Ball
1-0: Foul Ball, location: 2F
1-1: Ball
2-1: Foul Ball, location: 2F
2-2: Foul Ball, location: 2F
2-2: Strikes out swinging
Batting: RHB Sadao Kimura 0-0: Ball
1-0: Swinging Strike
1-1: Ball
2-1: Swinging Strike
2-2: Strikes out swinging
Batting: RHB Lu-fang Huie 0-0: Ball
1-0: Foul Ball, location: 2F
1-1: Ball
2-1: Called Strike
2-2: Ball
3-2: TRIPLE (Line Drive, 8LD)
Batting: RHB Anthony Hezell 0-0: Called Strike
0-1: Swinging Strike
0-2: Ball
1-2: Foul Ball, location: 2F
1-2: Ground out 4-3 (Groundball, 4)
Bottom of the 7th over - 0 run(s), 1 hit(s), 0 error(s), 1 left on base; West Palm 4 - New Hampshire 8
TOP OF THE 8TH
West Palm Reds batting - Pitching for New Hampshire Fisher Cats : RHP Grady Connolly
Batting: LHB Enrique Cortéz 0-0: Swinging Strike
0-1: Ball
1-1: Foul Ball, location: 2F
1-2: Foul Ball, location: 2F
1-2: Ball
2-2: Foul Ball, location: 2F
2-2: Hit by Pitch
Pitching: RHP Armando Rodríguez
Batting: LHB Millard Dye 0-0: Ball
1-0: Ball
2-0: Foul Ball, location: 2F
2-1: Ball
3-1: Base on Balls
Enrique Cortéz to second
Pitching: RHP Ramón Pérez
Batting: RHB Félix García 0-0: Ball
1-0: Called Strike
1-1: Foul Ball, location: 2F
Balk!
Enrique Cortéz to third
Millard Dye to second
1-2: Strikes out looking
Batting: LHB Bill Smith 0-0: Ball
1-0: Called Strike
1-1: Called Strike
1-2: Ball
2-2: Strikes out looking
Batting: RHB Alejandro Martínez 0-0: SINGLE (Line Drive, 6M)
Enrique Cortéz scores
Millard Dye to third
Runner from 3rd tries for Home, throw and OUT!
Top of the 8th over - 1 run(s), 1 hit(s), 0 error(s), 1 left on base; West Palm 5 - New Hampshire 8
BOTTOM OF THE 8TH
New Hampshire Fisher Cats batting - Pitching for West Palm Reds : RHP Dave Woods
Batting: RHB Roberto Peña 0-0: Foul Ball, location: 2F
0-1: Hit by Pitch
Batting: LHB Sam Barnes 0-0: Ball
1-0: Foul Ball, location: 2F
1-1: Ball
2-1: Ball
3-1: Grounds into double play, U4-3 (Groundball, 4)
Batting: RHB Phil Matthews 0-0: Called Strike
0-1: Called Strike
0-2: Ball
1-2: Ball
2-2: Fly out, F8 (Flyball, 8LM)
Bottom of the 8th over - 0 run(s), 0 hit(s), 0 error(s), 0 left on base; West Palm 5 - New Hampshire 8
TOP OF THE 9TH
West Palm Reds batting - Pitching for New Hampshire Fisher Cats : RHP Ramón Pérez
Pitching: LHP Carlos Berru
Now at C: Tim Robertson
Now at 3B: Scott Briggs
Batting: LHB Jeff McKinney 0-0: Ball
1-0: Called Strike
1-1: Swinging Strike
1-2: Strikes out swinging
Batting: LHB Jeff Doss 0-0: Ball
1-0: Called Strike
1-1: Called Strike
1-2: SOLO HOME RUN (Flyball, 9D), Distance : 380 ft
Batting: SHB Todd Smith 0-0: Foul Ball, location: 2F
0-1: Swinging Strike
0-2: Ball
1-2: Ball
2-2: DOUBLE (Flyball, 7LD)
Pinch Hitting: RHB Juan López 0-0: Ball
1-0: Foul Ball, location: 2F
1-1: Called Strike
1-2: Ball
2-2: Fly out, F9 (Line Drive, 89S)
Pinch Hitting: RHB Carlos García 0-0: Ball
1-0: Called Strike
1-1: Ball
2-1: SINGLE (Groundball, 56)
Todd Smith to third
Runner from 3rd tries for Home, SAFE, throw made home
Carlos García to second
Pinch Hitting: RHB Jack Ray 0-0: Called Strike
0-1: Ball
1-1: Ball
2-1: Swinging Strike
2-2: Ball
3-2: Base on Balls
Pitching: RHP Ernesto Rivera
Batting: RHB Félix García 0-0: Ground out 5-3 (Groundball, 5)
Top of the 9th over - 2 run(s), 3 hit(s), 0 error(s), 2 left on base; West Palm 7 - New Hampshire 8
This league is powered by Out of the Park Baseball, the baseball management simulation game for PC, Mac and Linux
Wednesday, December 2nd, 2015 - OOTP Baseball 16.8 Build 38